 Dungeon Crawl Stone Soup version 0.26-a0-67-g850bfe61e3 (webtiles) character file.

Game seed: 12748192230290888938

21634 Froggeryz the Grappler (level 12, -2/133 HPs)
             Began as a Troll Wizard on June 12, 2020.
             Was the Champion of Cheibriados.
             Slain by an eight-headed hydra (9 damage)
             ... on level 2 of the Lair of Beasts.
             The game lasted 00:23:42 (10854 turns).

Froggeryz the Grappler (Troll Wizard)              Turns: 10854, Time: 00:23:43

Health: -2/133     AC:  7    Str: 40    XL:     12   Next: 55%
Magic:  10/14      EV: 13    Int: 29    God:    Cheibriados [******]
Gold:   622        SH:  0    Dex: 26    Spells: 7/15 levels left

rFire    x . .     SeeInvis .     - Unarmed
rCold    + + +     Gourm    +   (shield currently unavailable)
rNeg     . . .     Faith    .   (armour currently unavailable)
rPois    +         Spirit   .   (helmet currently unavailable)
rElec    .         Reflect  .   (cloak currently unavailable)
rCorr    .         Harm     .   (gloves unavailable)
MR       +....                  (boots unavailable)
Stlth    ++........             (no amulet)
HPRegen  0.72/turn              y - +6 ring of strength
MPRegen  0.14/turn              I - ring of protection from magic

@: ice-form, slowed, very slow
A: large, unfitting armour, fast metabolism 3, gourmand, regeneration 1
a: End Transformation, Bend Time, Temporal Distortion, Slouch, Step From Time,
Renounce Religion


You were on level 2 of the Lair of Beasts.
You worshipped Cheibriados.
Cheibriados was exalted by your worship.
You were very full.
You were a creature of crystalline ice.
You visited 3 branches of the dungeon, and saw 17 of its levels.

You collected 972 gold pieces.
You spent 350 gold pieces at shops.

Inventory:

Missiles
 l - 2 curare-tipped darts
 p - 3 poisoned darts (quivered)
 w - 6 throwing nets
Armour
 b - a +0 hat (melded)
 j - a +0 robe of positive energy (melded)
 r - the +0 cloak of the Catamount (melded) {Int+2 Dex+3 Slay+3}
   (You found it on level 5 of the Dungeon)

   It affects your intelligence (+2).
   It affects your dexterity (+3).
   It affects your accuracy and damage with ranged weapons and melee attacks
   (+3).
 x - a +2 kite shield of protection (melded)
Jewellery
 a - a +4 ring of evasion {unknown}
 y - a +6 ring of strength (left front paw)
 I - a ring of protection from magic (right front paw)
 J - an uncursed ring of stealth
 L - an uncursed ring of positive energy
Wands
 k - a wand of paralysis (12)
 o - a wand of acid (6)
 B - a wand of flame (19)
 E - a wand of polymorph (6)
 F - a wand of digging (12)
Scrolls
 c - a scroll of fog
 e - 6 scrolls of teleportation
 f - 3 scrolls of amnesia
 m - 4 scrolls of identify
 n - 10 scrolls of remove curse
 z - a scroll of enchant weapon
Potions
 g - a potion of heal wounds
 h - 7 potions of curing
 i - 4 potions of ambrosia {unknown}
 q - a potion of might {unknown}
 s - 2 potions of lignification {unknown}
 t - a potion of brilliance {unknown}
 u - a potion of flight {unknown}
 v - a potion of magic {unknown}
 C - a potion of stabbing
 H - a potion of haste {unknown}
 K - a potion of mutation
Miscellaneous
 N - a phantom mirror
Comestibles
 d - 26 rations


   Skills:
 - Level 5.3 Fighting
 - Level 4.1 Dodging
 - Level 1.0 Stealth
 - Level 10.0 Shields
 - Level 10.5 Unarmed Combat
 - Level 2.0 Spellcasting
 - Level 0.6 Conjurations
   Level 0.6 Summonings
 - Level 0.6 Translocations
 + Level 9.0 Transmutations


You had 7 spell levels left.
You knew the following spells:

 Your Spells              Type           Power        Failure   Level  Hunger
a - Magic Dart            Conj           #...         7%          1    None
b - Beastly Appendage     Tmut           ######       1%          1    None
c - Blink                 Tloc           N/A          10%         2    ##.....
d - Ice Form              Ice/Tmut       ####....     13%         4    ####...

Your spell library contained the following spells:

 Spells                   Type           Power        Failure   Level  Hunger
 Sticks to Snakes         Tmut           ######..     1%          2    ##.....
 Spider Form              Tmut/Pois      ####......   4%          3    ###....
 Blade Hands              Tmut           ######....   6%          5    ######.
 Freeze                   Ice            #...         9%          1    None
 Call Imp                 Summ           #.......     10%         2    ##.....
 Slow                     Hex            #.......     13%         2    ##.....
 Conjure Flame            Conj/Fire      #.......     22%         3    ###....
 Mephitic Cloud           Conj/Pois/Air  #.......     24%         3    ###....
 Frozen Ramparts          Ice            #.....       26%         3    ###....
 Ozocubu's Armour         Chrm/Ice       #.......     26%         3    ###....
 Hailstorm                Conj/Ice       #.......     58%         4    ####...
 Summon Ice Beast         Ice/Summ       #.......     58%         4    ####...


Dungeon Overview and Level Annotations

Branches:
Dungeon (14/15)            Temple (1/1) D:4            Lair (2/6) D:10
    Orc (0/2) D:12
  Swamp: Lair:2-4    Shoals: Lair:2-4     Snake: Lair:2-4    Spider: Lair:2-4
 Vaults: D:13-14

Altars:
Ashenzari
Cheibriados
Dithmenos
Elyvilon
Fedhas
Gozag
Hepliaklqana
Kikubaaqudgha
Makhleb
Nemelex Xobeh
Okawaru
Qazlal
Ru
Sif Muna
Trog
Uskayaw
Vehumet
Wu Jian
Xom
Yredelemnul
Zin
The Shining One

Shops:
D:13 =   D:14 :

Annotations:
D:7 1 runed translucent door
D:8 1 exclusion
D:14 Louise


Innate Abilities, Weirdness & Mutations

You are too large for most types of armour.
((You have claws for hands.))
Your metabolism is lightning-fast.
You like to eat raw meat.
Your natural rate of healing is unusually fast.
((You are covered in fur. (AC +1)))
((You have extremely tough skin. (AC +3)))


Message History

The eight-headed hydra bites you but does no damage.
The eight-headed hydra bites you!
Unknown command.
You hit the eight-headed hydra. You freeze the eight-headed hydra.
The eight-headed hydra is heavily wounded.
A torpor snail comes into view.
Being near the torpor snail leaves you feeling lethargic.
The hippogriff closely misses you. The hippogriff pecks you.
* * * LOW HITPOINT WARNING * * *
The hippogriff claws you but does no damage.
The eight-headed hydra bites you!
* * * LOW HITPOINT WARNING * * *
The eight-headed hydra closely misses you.
The eight-headed hydra bites you.
* * * LOW HITPOINT WARNING * * *
The eight-headed hydra bites you!
* * * LOW HITPOINT WARNING * * *
The eight-headed hydra barely misses you.
The eight-headed hydra bites you!
You die...

##..( #P...
#P.(. . #...#
###.# .
##...##....#
...#...YY.Y....
......DYYwYS.F.
#.HYY# ##.###
#. ##


You could see an eight-headed hydra, a torpor snail, a hippogriff, 7 yaks, a
spiny frog and a water moccasin.

Vanquished Creatures
  Harold (Lair:1)
  A hydra (D:12)
  A death knight (D:12)
  A centaur warrior (D:13)
  5 two-headed ogres
  A skeletal warrior (D:12)
  An ugly thing (D:12)
  A deep elf mage (D:12)
  A cyclops (D:11)
  A manticore (D:11)
  2 spiny frogs (Lair:1)
  A gargoyle (D:13)
  A rime drake (Lair:1)
  A hornet (D:9)
  2 trolls
  A harpy skeleton (D:12)
  Prince Ribbit (D:7)
  4 hippogriffs
  A yak (shapeshifter) (D:13)
  A shadow (D:14)
  9 yaks
  2 hungry ghosts (D:10)
  A vampire mosquito (D:9)
  3 wargs (D:10)
  2 water moccasins (Lair:1)
  A soldier ant (D:9)
  An acid dragon (D:10)
  2 porcupines (Lair:1)
  3 ice beasts (D:10)
  6 orc warriors
  2 sky beasts (D:9)
  5 ogres
  A black bear (D:6)
  A necrophage (D:6)
  7 centaurs
  2 phantoms
  10 wolves (Lair:1)
  A crocodile (Lair:1)
  4 bullfrogs
  A big kobold (D:11)
  A gnoll sergeant (D:8)
  2 wyvern zombies
  A wyvern skeleton (D:7)
  3 scorpions
  18 killer bees
  5 wights (D:6)
  2 howler monkeys
  2 quasits
  3 centaur zombies
  3 crimson imps
  A bullfrog zombie (D:12)
  2 jellies
  4 hounds
  3 centaur skeletons
  13 orc priests
  3 bullfrog skeletons
  3 iguanas
  11 orc wizards
  6 worker ants
  Natasha (thrice) (D:3)
  5 hound skeletons
  11 gnolls
  A howler monkey skeleton (D:7)
  14 adders
  3 shadow imps
  2 oozes
  5 adder skeletons
  3 adder zombies
  5 worms
  2 dart slugs
  5 leopard geckos
  52 orcs
  A ball python (D:1)
  4 giant cockroaches
  2 gnoll zombies (D:2)
  6 goblins
  6 hobgoblins
  11 jackals
  13 kobolds
  3 quokkas
  6 bats
  4 frilled lizards
  A leopard gecko zombie (D:7)
  A quokka zombie (D:5)
  12 rats
360 creatures vanquished.

Vanquished Creatures (others)
  A fungus (Lair:1)
1 creature vanquished.

Grand Total: 361 creatures vanquished

Notes
Turn   | Place    | Note
-------+----------+-------------------------------------------
     0 | D:1      | Froggeryz the Troll Wizard began the quest for the Orb.
     0 | D:1      | Reached XP level 1. HP: 16/16 MP: 2/2
    66 | D:1      | Reached skill level 1 in Unarmed Combat
   223 | D:1      | Reached XP level 2. HP: 25/26 MP: 4/4
   586 | D:2      | Reached skill level 1 in Fighting
   586 | D:2      | Reached XP level 3. HP: 32/33 MP: 5/5
   827 | D:2      | Found a basalt altar of Yredelemnul.
  1253 | D:2      | Reached XP level 4. HP: 23/41 MP: 6/6
  1628 | D:3      | Noticed Natasha
  1636 | D:3      | Killed Natasha
  1636 | D:3      | Reached XP level 5. HP: 42/49 MP: 7/7
  1668 | D:3      | Learned a level 1 spell: Beastly Appendage
  1671 | D:3      | Learned a level 2 spell: Blink
  1797 | D:3      | Noticed Natasha
  1804 | D:3      | Killed Natasha
  1822 | D:3      | Noticed Natasha
  1829 | D:3      | Killed Natasha
  1912 | D:4      | Found a staircase to the Ecumenical Temple.
  1936 | Temple   | Entered the Ecumenical Temple
  1999 | Temple   | Became a worshipper of Cheibriados the Contemplative
  2047 | D:4      | Reached skill level 1 in Transmutations
  2085 | D:4      | Reached XP level 6. HP: 31/57 MP: 8/8
  2090 | D:4      | Paralysed by something for 3 turns
  2193 | D:4      | Reached skill level 5 in Unarmed Combat
  2466 | D:4      | Reached * piety under Cheibriados
  2566 | D:4      | Reached XP level 7. HP: 21/65 MP: 9/9
  2791 | D:4      | Found a hide-covered altar of Uskayaw.
  2960 | D:5      | Entered Level 5 of the Dungeon
  3026 | D:5      | Found a white marble altar of Elyvilon.
  3026 | D:5      | Found a faded altar of an unknown god.
  3031 | D:5      | Found a hazy altar of Hepliaklqana.
  3033 | D:5      | Found a faded altar of an unknown god.
  3035 | D:5      | Found a sparkling altar of Nemelex Xobeh.
  3310 | D:5      | Got a bloodstained cloak
  3316 | D:5      | Identified the cursed +0 cloak of the Catamount {Int+2
                  | Dex+3 Slay+3} (You found it on level 5 of the Dungeon)
  3838 | D:6      | Reached ** piety under Cheibriados
  3941 | D:6      | Reached XP level 8. HP: 72/72 MP: 10/10
  4611 | D:7      | Reached *** piety under Cheibriados
  4634 | D:7      | Noticed a sixfirhy
  4635 | D:7      | Found a runed translucent door.
  4720 | D:7      | Reached XP level 9. HP: 79/79 MP: 11/11
  4739 | D:7      | HP: 3/79 [poisoned by a killer bee]
  4891 | D:7      | Noticed a two-headed ogre
  4901 | D:7      | Killed a two-headed ogre
  5097 | D:7      | Found a radiant altar of Vehumet.
  5235 | D:7      | Reached skill level 10 in Unarmed Combat
  5240 | D:7      | Reached **** piety under Cheibriados
  5401 | D:7      | Noticed Prince Ribbit
  5418 | D:7      | Killed Prince Ribbit
  5864 | D:8      | Found a blossoming altar of Fedhas.
  5865 | D:8      | Found an ancient bone altar of Kikubaaqudgha.
  6005 | D:8      | Learned a level 4 spell: Ice Form
  6017 | D:8      | Found an iron altar of Okawaru.
  6052 | D:8      | Reached XP level 10. HP: 75/88 MP: 12/12
  6296 | D:8      | Found a shattered altar of Ashenzari.
  6323 | D:8      | Noticed a moth of wrath
  6326 | D:8      | Found a bloodstained altar of Trog.
  6331 | D:8      | Reached ***** piety under Cheibriados
  6701 | D:9      | Noticed a two-headed ogre
  6711 | D:9      | Killed a two-headed ogre
  6711 | D:9      | Reached skill level 5 in Shields
  7009 | D:9      | Found an ornate altar of the Wu Jian Council.
  7014 | D:9      | Found a basalt altar of Yredelemnul.
  7404 | D:10     | Entered Level 10 of the Dungeon
  7432 | D:10     | Reached XP level 11. HP: 89/101 MP: 13/13
  7438 | D:10     | Reached skill level 5 in Fighting
  7482 | D:10     | Found a staircase to the Lair.
  7610 | D:10     | Reached ****** piety under Cheibriados
  8007 | D:11     | Noticed a two-headed ogre
  8018 | D:11     | Killed a two-headed ogre
  8022 | D:11     | Reached skill level 5 in Transmutations
  8406 | D:11     | You fall into a shaft and drop 3 floors!
  8456 | D:14     | Found Suha's Book Emporium.
  8465 | D:14     | Noticed Louise
  8532 | D:13     | Noticed a two-headed ogre
  8547 | D:13     | Killed a two-headed ogre
  8580 | D:13     | Found Toss's Jewellery Emporium.
  8644 | D:13     | Bought an uncursed ring of protection from magic for 350
                  | gold pieces
  8807 | D:13     | Noticed a centaur warrior
  8812 | D:13     | Killed a centaur warrior
  9268 | D:12     | Noticed a red ugly thing
  9277 | D:12     | Killed a red ugly thing
  9277 | D:12     | Reached skill level 10 in Shields
  9322 | D:12     | Found a staircase to the Orcish Mines.
  9396 | D:12     | Reached XP level 12. HP: 111/111 MP: 14/14
  9522 | D:12     | Noticed a two-headed ogre
  9529 | D:12     | Noticed a death knight
  9532 | D:12     | Killed a two-headed ogre
  9549 | D:12     | Killed a death knight
  9758 | D:12     | Noticed a five-headed hydra
  9766 | D:12     | Killed a five-headed hydra
 10177 | Lair:1   | Entered Level 1 of the Lair of Beasts
 10266 | Lair:1   | Found a gate leading to a gauntlet.
 10407 | Lair:1   | Noticed Harold
 10420 | Lair:1   | Killed Harold
 10849 | Lair:2   | Noticed an eight-headed hydra
 10854 | Lair:2   | Slain by an eight-headed hydra

Illustrated notes

Levels and vault maps discovered:
D:1:      minmay_arrival_open_corners, layout_loops_ring
D:2:      layout_basic, lemuel_zombie_altar_yredelemnul, fountainhead
D:3:      layout_rooms, minmay_misc_feat_cross, minmay_misc_feat_plants,
          uniq_natasha
D:4:      cheibrodos_pilgrimage, layout_loops_ring,
          minmay_temple_entry_crystal_x, first_ration, st_stairs_8,
          minmay_ruined_shrine
D:5:      layout_gridville, chequers_temple_overflow_minitemple,
          amethyst_killhole, minmay_misc_feat_x
D:6:      layout_rooms
D:7:      cheibrodos_shockbox, layout_basic, nicolae_overflow_crystal_walls,
          uniq_prince_ribbit1
D:8:      layout_basic, grunt_temple_overflow_growth_and_decay,
          okawaru_ov_weapons_minmay, tgw_trog, basic_altar
D:9:      minmay_chambers_of_sixes, layout_irregular_city, kennysheep_mini_moat,
          basic_altar, hangedman_pestilent_swarm, st_stairs_5
D:10:     layout_rooms, erik_lair_orcish_takeover
D:11:     layout_loops_ring
D:12:     layout_loops_ring, david_orc_2, minmay_radiant
D:13:     layout_basic, serial_shops, nicolae_shop_stone, serial_glass,
          glass_columns_a, glass_columns_c
D:14:     minmay_slanted_spiral_squares, layout_irregular_city, erik_vaults_1,
          roderic_lattice_a, serial_shops, shop_fountains,
          nicolae_elemental_shop, hangedman_glass_teeth, grunt_decor_one_mirror,
          uniq_louise
Temple:   minmay_temple_bridge_abc
Lair:1:   layout_roguey, gauntlet_entry_generic, uniq_harold
Lair:2:   layout_misc_corridors, minmay_shoals_entry_hut, disabler_island

Skill      XL: |  1  2  3  4  5  6  7  8  9 10 11 12 |
---------------+-------------------------------------+-----
Unarmed Combat | 1 2 3 4 6 7 9 10 | 10.5
Fighting       | 1 2 4 5 |  5.3
Transmutations | 1 2 3 4 6 9 |  9.0
Dodging        | 2 3 4 |  4.1
Shields        | 3 7 10 | 10.0
Stealth        | |  1.0
Spellcasting   | |  2.0
Conjurations   | |  0.6
Summonings     | |  0.6
Translocations | |  0.6

Action                   |  1- 3 |  4- 6 |  7- 9 | 10-12 || total
-------------------------+-------+-------+-------+-------++-------
Melee: Unarmed           |   147 |   174 |   258 |   437 ||  1016
       Punch             |       |     3 |    12 |       ||    15
Throw: Dart              |       |     3 |    12 |     6 ||    21
 Cast: Magic Dart        |     1 |       |       |       ||     1
       Ice Form          |       |       |       |     2 ||     2
Evoke: Wand              |       |       |     4 |     1 ||     5
  Use: Potion            |       |     1 |     2 |     1 ||     4
       Scroll            |       |       |     8 |     8 ||    16
 Stab: Sleeping          |     2 |     2 |     6 |    14 ||    24
       Distracted        |     1 |       |     1 |       ||     2
       Paralysed         |       |       |     5 |       ||     5
  Eat: Chunk             |    14 |    16 |    19 |    36 ||    85
Armor: Robe              |    47 |    75 |    59 |    80 ||   261
       Skin              |       |       |       |     4 ||     4
Dodge: Dodged            |    77 |    91 |   134 |   127 ||   429
Block: Kite shield       |       |       |    17 |   314 ||   331

Table legend:
 A = Non-vault XP
 B = Vault XP
 C = Vault XP percentage of total XP
 D = Non-vault monster count
 E = Vault monster count
 F = Vault count percentage of total count
                 A         B        C        D         E       F
            +---------+---------+-------+---------+---------+-------
      Total |   25040 |    5866 |  19.0 |     308 |      52 |  14.4
            +---------+---------+-------+---------+---------+-------
        D:1 |      24 |       0 |   0.0 |      15 |       0 |   0.0
        D:2 |      72 |       3 |   4.0 |      23 |       2 |   8.0
        D:3 |     188 |      33 |  14.9 |      27 |       1 |   3.6
        D:4 |     372 |     190 |  33.8 |      21 |      12 |  36.4
        D:5 |     363 |       0 |   0.0 |       9 |       0 |   0.0
        D:6 |    1193 |       0 |   0.0 |      30 |       0 |   0.0
        D:7 |    2172 |     251 |  10.4 |      35 |       1 |   2.8
        D:8 |    1306 |      19 |   1.4 |      16 |       5 |  23.8
        D:9 |    2913 |    1421 |  32.8 |      26 |      11 |  29.7
       D:10 |    1500 |     708 |  32.1 |      25 |      10 |  28.6
       D:11 |    4049 |       0 |   0.0 |      31 |       0 |   0.0
       D:12 |    3324 |    2281 |  40.7 |      12 |       9 |  42.9
       D:13 |    4041 |       0 |   0.0 |      14 |       0 |   0.0
       D:14 |     388 |       0 |   0.0 |       5 |       0 |   0.0
     Lair:1 |    3135 |     960 |  23.4 |      19 |       1 |   5.0
            +---------+---------+-------+---------+---------+-------
